[Event "Early-Titled-Tuesday-Blitz-September-26-2023"]
[Site "Chess.com"]
[Date "2023.09.26"]
[Round "5"]
[White "emeli_chess"]
[Black "LUISMIGUELOV"]
[Result "0-1"]
[WhiteElo "2345"]
[BlackElo "2147"]
[TimeControl "180+1"]
[EndTime "8:56:47 PDT"]
[Termination "LUISMIGUELOV won by resignation"]

1. d4 d5 2. c4 c6 3. Nc3 Nf6 4. e3 g6 5. Nf3 Bg7 6. Be2 O-O 7. O-O Bg4 8. cxd5 Nxd5 9. h3 Bxf3 10. Bxf3 e6 11.
Ne4 Nd7 12. Bd2 N7f6 13. Rc1 Nxe4 14. Bxe4 Qd7 15. Qb3 f5 16. Bf3 h5 17. e4 fxe4 18. Bxe4 Kh7 19. Qd3 Qf7 20. Bg5 Rae8 21. Rcd1 Bh6 22. Bxh6 Kxh6 23. g3 Qf6 24. f4 Ne7 25. h4 Nf5 26. Bxf5 exf5 27. Rfe1 Rxe1+ 28. Rxe1 Rd8 29. Re5 Qd6 30. Kf2 Qxd4+ 31. Qxd4 Rxd4 32.
Ke3 Rd1 33. Re7 Re1+ 0-1

[Event "Early-Titled-Tuesday-Blitz-September-26-2023"]
[Site "Chess.com"]
[Date "2023.09.26"]
[Round "5"]
[White "maurovargas01"]
[Black "jasonbolivar"]
[Result "1-0"]
[WhiteElo "1898"]
[BlackElo "2241"]
[TimeControl "180+1"]
[EndTime "8:56:47 PDT"]
[Termination "maurovargas01 won by resignation"]

1. e4 c5 2. Nf3 d6 3. d4 cxd4 4. Nxd4 Nf6 5. Nc3 a6 6. Bc4 e6 7. Be3 Be7 8. f3 Bd7 9. Qd2 Nc6 10. O-O O-O 11. Rad1 Rc8 12. Be2 Ne5 13. Qe1 Kh8 14. Bc1 Re8 15. Qg3 Nh5 16. Qe1 Bh4 17. g3 Be7 18. f4 Nf6 19. fxe5 dxe5 20. Nf3 Qb6+ 21.
Kg2 Ng4 22. h3 Ne3+ 23. Bxe3 Qxe3 24. Bd3 Qh6 25. Qd2 Qh5 26. g4 1-0

[Event "Early-Titled-Tuesday-Blitz-September-26-2023"]
[Site "Chess.com"]
[Date "2023.09.26"]
[Round "5"]
[White "Iskusnyh"]
[Black "blitzking1729"]
[Result "1-0"]
[WhiteElo "2589"]
[BlackElo "2753"]
[TimeControl "180+1"]
[EndTime "8:56:50 PDT"]
[Termination "Iskusnyh won by resignation"]

1. d4 Nf6 2. c4 e6 3. g3 d5 4.
Nf3 dxc4 5. Bg2 Bd7 6. O-O Bc6 7. Qc2 b5 8. Bg5 Be7 9. a4 a6 10. Nc3 Nbd7 11. e4 b4 12. d5 Bb7 13. dxe6 fxe6 14.
Ne2 Bxe4 15. Qxc4 Bd5 16. Qc2 O-O 17. Nf4 Bd6 18. Nxd5 exd5 19. Nd4 Nb6 20. Ne6 Qd7 21. Nxf8 Bxf8 22. a5 Nc4 23. Bxf6 gxf6 24. Rfd1 1-0

[Event "Early-Titled-Tuesday-Blitz-September-26-2023"]
[Site "Chess.com"]
[Date "2023.09.26"]
[Round "5"]
[White "DTChess"]
[Black "GMaka"]
[Result "1-0"]
[WhiteElo "2596"]
[BlackElo "2406"]
[TimeControl "180+1"]
[EndTime "8:56:56 PDT"]
[Termination "DTChess won by resignation"]

1. e4 c6 2. d4 d5 3. Nc3 dxe4 4. Nxe4 Bf5 5. Ng3 Bg6 6. Nf3 Nd7 7. Bc4 e6 8. Bb3 Ngf6 9. c3 Bd6 10. Qe2 O-O 11. Nh4 c5 12. Nxg6 hxg6 13. Be3 cxd4 14. Bxd4 Bc5 15.
Rd1 Qb6 16. h4 e5 17. Bxc5 Nxc5 18. h5 Nxb3 19. axb3 g5 20. b4 Rad8 21. O-O Qe6 22. Qe3 Rxd1 23. Rxd1 Qg4 24. Rd6 Nxh5 25. Nxh5 Qxh5 26.
Qxe5 Qh7 27. Qe1 Qf5 28. Rd4 f6 29. f3 Kf7 30. Re4 Rd8 31. Qe2 Kg6 32. g4 Qd5 33.
Rd4 Qg8 34. Qd3+ 1-0

[Event "Early-Titled-Tuesday-Blitz-September-26-2023"]
[Site "Chess.com"]
[Date "2023.09.26"]
[Round "5"]
[White "bubeliang"]
[Black "Igrok3069"]
[Result "0-1"]
[WhiteElo "2630"]
[BlackElo "2882"]
[TimeControl "180+1"]
[EndTime "8:56:59 PDT"]
[Termination "Igrok3069 won by checkmate"]

1. e4 c5 2. c3 d5 3. exd5 Qxd5 4.
d4 Nf6 5. Nf3 e6 6. Na3 a6 7.
Nc4 Nbd7 8. Be2 Be7 9. Ne3 Qc6 10. Ne5 Qc7 11. f4 O-O 12. O-O b5 13. Bf3 Bb7 14. d5 Nxe5 15. fxe5 Nxd5 16. Bxd5 Rad8 17. Qg4 Bxd5 18.
Nxd5 Rxd5 19. Bh6 Qxe5 20. Rae1 f5 21. Rxe5 fxg4 22. Rxe6 Rxf1+ 23. Kxf1 Kf7 24. Rxe7+ Kxe7 25. Be3 Ke6 26. Ke2 Kf5 27. Bf2 Ke4 28. Be3 c4 29. Bf2 Rh5 30. Bg3 Rd5 31. Bb8 g5 32. Bg3 h5 33. Bb8 h4 34. g3 Rd3 35. Bc7 Re3+ 36.
Kf2 Kd3 37. Kf1 Re2 38. Bb6 Rxb2 39. Bf2 h3 40. Be1 Rxa2 41. Kg1 Rg2+ 42. Kf1 Rxh2 43. Bf2 Rxf2+ 44. Kxf2 a5 45. Kg1 a4 46. Kh1 a3 47.
Kg1 a2 48. Kh2 b4 49. cxb4 a1=Q 50. b5 Qb2+ 51. Kg1 Qg2# 0-1

[Event "Early-Titled-Tuesday-Blitz-September-26-2023"]
[Site "Chess.com"]
[Date "2023.09.26"]
[Round "5"]
[White "melissa_guez"]
[Black "vedantgoswami"]
[Result "1/2-1/2"]
[WhiteElo "2115"]
[BlackElo "2355"]
[TimeControl "180+1"]
[EndTime "8:57:00 PDT"]
[Termination "Game drawn by repetition"]

1. e4 Nc6 2. Nf3 e5 3. Bb5 a6 4.
Ba4 Nf6 5. d3 b5 6. Bb3 Be7 7.
O-O d6 8. c3 O-O 9. h3 Na5 10.
Bc2 c5 11. d4 Qc7 12. d5 c4 13.
Be3 Nb7 14. Nbd2 Nc5 15. Nh2 Bd7 16. g4 Kh8 17. g5 Ng8 18. Ng4 Qd8 19. Bxc5 dxc5 20.
Nxe5 Bxg5 21. Nxd7 Qxd7 22. f4 Qxh3 23. fxg5 Qg3+ 24.
Kh1 Qh3+ 25. Kg1 Qg3+ 26. Kh1 Qh3+ 27. Kg1 1/2-1/2

[Event "Early-Titled-Tuesday-Blitz-September-26-2023"]
[Site "Chess.com"]
[Date "2023.09.26"]
[Round "5"]
[White "Dedic8"]
[Black "Vesper2018"]
[Result "1-0"]
[WhiteElo "2817"]
[BlackElo "2583"]
[TimeControl "180+1"]
[EndTime "8:57:04 PDT"]
[Termination "Dedic8 won by checkmate"]

1. d4 Nf6 2. c4 g6 3. Nc3 Bg7 4.
e4 d6 5. h3 O-O 6. Be3 e5 7. d5 Na6 8. Bd3 Nh5 9. Nge2 f5 10.
exf5 gxf5 11. g4 Nf4 12. Nxf4 exf4 13. Bxf4 fxg4 14. Be3 g3 15. Qh5 gxf2+ 16. Kd2 Rf7 17. Bxh7+ Kf8 18. Bg6 Rf6 19. Ne4 Qe7 20. Raf1 Rf7 21.
Rh2 Nc5 22. Nxc5 dxc5 23. Rhxf2 Rxf2+ 24. Rxf2+ Bf6 25. Qh8# 1-0

[Event "Early-Titled-Tuesday-Blitz-September-26-2023"]
[Site "Chess.com"]
[Date "2023.09.26"]
[Round "5"]
[White "Barmen_EV"]
[Black "jk13"]
[Result "0-1"]
[WhiteElo "2447"]
[BlackElo "2617"]
[TimeControl "180+1"]
[EndTime "8:57:05 PDT"]
[Termination "jk13 won by resignation"]

1. e4 e5 2. Nf3 Nc6 3. d4 exd4 4.
Bc4 Nf6 5. O-O d6 6. Nxd4 Be7 7. Nc3 O-O 8. Bf4 Bd7 9. Re1 Re8 10. Nd5 Nxd5 11.
Bxd5 Bf6 12. c3 Rb8 13. Qd2 h6 14. Rad1 Ne5 15. Bxh6 gxh6 16. f4 Ng6 17. f5 Bg5 18. Qf2 Ne5 19. g3 Kh7 20. Rf1 Rg8 21. f6 Rg6 22.
Nf5 Qxf6 23. h4 Bxh4 24. Nxh4 Qxh4 25. Kg2 Qh3+ 26. Kg1 Rxg3+ 27. Qxg3 Qxg3+ 0-1

[Event "Early-Titled-Tuesday-Blitz-September-26-2023"]
[Site "Chess.com"]
[Date "2023.09.26"]
[Round "5"]
[White "HSH1987"]
[Black "sergoy"]
[Result "0-1"]
[WhiteElo "2644"]
[BlackElo "2916"]
[TimeControl "180+1"]
[EndTime "8:57:06 PDT"]
[Termination "sergoy won by resignation"]

1. Nf3 d5 2. g3 g6 3. Bg2 Bg7 4.
O-O e5 5. d3 Ne7 6. c4 c6 7.
Nc3 d4 8. Nb1 O-O 9. Bg5 Nd7 10.
Bxe7 Qxe7 11. Nbd2 a5 12. a3 a4 13. b4 axb3 14.
Qxb3 Nc5 15. Qb4 Ra4 16. Qb2 e4 17. Ne1 e3 18. Nb3 Bg4 19. Nxc5 Qxc5 20. Bf3 Bh3 21. Ng2 Ra7 22. Rfb1 exf2+ 23. Kxf2 Rfa8 24. a4 Bc8 25. Qb3 g5 26. g4 h5 27. h3 h4 28. Be4 f5 29. gxf5 Bxf5 30. Qb4 Qe5 31. Bxf5 Qxf5+ 32. Kg1 Qxh3 33. Qd6 Re8 34. Ra2 Qg4 35. Kh2 Be5+ 0-1

[Event "Early-Titled-Tuesday-Blitz-September-26-2023"]
[Site "Chess.com"]
[Date "2023.09.26"]
[Round "5"]
[White "viktorskliarov"]
[Black "Lady_Nika"]
[Result "1/2-1/2"]
[WhiteElo "2647"]
[BlackElo "2485"]
[TimeControl "180+1"]
[EndTime "8:57:06 PDT"]
[Termination "Game drawn by agreement"]

1. e4 e6 2. d4 d5 3. e5 c5 4. c3 Nc6 5. Nf3 a6 6. a3 b5 7. Bd3 Qb6 8. O-O Bb7 9. h4 c4 10. Bc2 a5 11. h5 h6 12. Be3 a4 13. Nh2 O-O-O 14. f4 Nge7 15. g4 g6 16. Nd2 Rg8 17. Kh1 Kb8 18. Qf3 gxh5 19. gxh5 Nf5 20. Bxf5 exf5 21. Rg1 Be7 22. Rxg8 Rxg8 23. Rg1 Qd8 24.
Rxg8 Qxg8 25. Qg2 Qxg2+ 26. Kxg2 Na5 27. Kh3 Nb3 28. Ndf3 Bc8 29. Nf1 Kc7 30. Ng3 Na1 31. Nh4 Bxh4 32. Kxh4 Be6 1/2-1/2

[Event "Early-Titled-Tuesday-Blitz-September-26-2023"]
[Site "Chess.com"]
[Date "2023.09.26"]
[Round "5"]
[White "Zampronha1971"]
[Black "Gyulamiryan-koryun"]
[Result "1-0"]
[WhiteElo "2265"]
[BlackElo "1981"]
[TimeControl "180+1"]
[EndTime "8:57:07 PDT"]
[Termination "Zampronha1971 won by resignation"]

1. e4 e5 2. Nf3 Nc6 3. d4 exd4 4. Nxd4 Bc5 5. Be3 Qf6 6. c3 Nge7 7. Bc4 Ne5 8. Be2 Qg6 9. O-O Bb6 10. Nd2 O-O 11. f4 N5c6 12. f5 Qf6 13. N2f3 Qd6 14.
Kh1 Ne5 15. Bf4 f6 16. Nb5 Qc5 17. b4 Qc6 18. Nxe5 fxe5 19. Bxe5 d6 20. f6 Ng6 21. Qb3+ d5 22. exd5 Qd7 23. d6+ Qe6 24. Bc4 Re8 25. Bd4 gxf6 26. Bxb6 axb6 27. Nxc7 Bd7 28. Nxa8 Rxa8 29.
Bxe6+ Bxe6 30. Qxe6+ Kg7 31. Qxf6+ 1-0

[Event "Early-Titled-Tuesday-Blitz-September-26-2023"]
[Site "Chess.com"]
[Date "2023.09.26"]
[Round "5"]
[White "Flawless_Fighter"]
[Black "xxysoul6"]
[Result "1-0"]
[WhiteElo "2849"]
[BlackElo "3016"]
[TimeControl "180+1"]
[EndTime "8:57:08 PDT"]
[Termination "Flawless_Fighter won by resignation"]

1. e4 c6 2. d4 d5 3. exd5 cxd5 4. Bd3 Nc6 5. c3 g6 6. Nd2 Nf6 7. Ndf3 Bg7 8. Bf4 Nh5 9. Be3 O-O 10. Ne2 Bg4 11. Ng3 e5 12. dxe5 Nxe5 13. Be2 Bxf3 14.
Bxf3 Nxg3 15. hxg3 Nc4 16. Qxd5 Nxb2 17. O-O Na4 18.
Qxd8 Raxd8 19. Bxb7 Nxc3 20. Bf3 a6 21. a4 Rfe8 22.
Ra3 h5 23. a5 Nd5 24. Bb6 Rd7 25. Rb3 Nc3 26. Bc6 Rd3 27. Rxc3 1-0

[Event "Early-Titled-Tuesday-Blitz-September-26-2023"]
[Site "Chess.com"]
[Date "2023.09.26"]
[Round "5"]
[White "chesslh19"]
[Black "koncheto"]
[Result "0-1"]
[WhiteElo "2330"]
[BlackElo "2557"]
[TimeControl "180+1"]
[EndTime "8:57:09 PDT"]
[Termination "koncheto won on time"]

1. e4 e5 2. Nf3 Nf6 3. Nxe5 Nc6 4. Nxc6 dxc6 5. e5 Nd5 6. d4 Be7 7. Bd3 Be6 8. O-O Qd7 9. Nc3 Nb6 10. Be3 O-O-O 11. Qe2 g5 12. Ne4 Rdg8 13. Rad1 h5 14. c4 g4 15. Nc5 Qe8 16. Qc2 Kb8 17. Bf5 Bxc4 18. Rfe1 h4 19. b3 Bd5 20. a4 Bg5 21. a5 Nc8 22. Nd7+ Ka8 23. Nf6 Bxf6 24. exf6 Nd6 25. Bf4 Qd8 26. Be5 Nxf5 27. Qxf5 Bxb3 28.
Rb1 Bc4 29. Qf4 h3 30. Bxc7 Qd5 31. Qe4 Qxe4 32. Rxe4 Bd3 33. Re7 Bxb1 0-1

[Event "Early-Titled-Tuesday-Blitz-September-26-2023"]
[Site "Chess.com"]
[Date "2023.09.26"]
[Round "5"]
[White "Wizard_97"]
[Black "Gabix_94"]
[Result "0-1"]
[WhiteElo "2552"]
[BlackElo "2711"]
[TimeControl "180+1"]
[EndTime "8:57:11 PDT"]
[Termination "Gabix_94 won by resignation"]

1. e4 c6 2. d4 d5 3. Nd2 g6 4. c3 Bg7 5. Bd3 Nd7 6. Ngf3 dxe4 7. Nxe4 Ngf6 8. O-O Nxe4 9. Bxe4 O-O 10. h3 Qc7 11. Re1 Re8 12. Bc2 b6 13. Bg5 e6 14. Bh4 Ba6 15. Bg3 Qb7 16. Be4 Nf6 17. Bc2 Rad8 18. Be5 c5 19. Qc1 Bb5 20. Qf4 Nh5 21. Qh4 Bc6 22. Be4 Bxe4 23. Qxe4 Qxe4 24. Rxe4 Bxe5 25. dxe5 Rd3 26. Kf1 Red8 27. Ke2 Ng7 28. Nd4 c4 29. g4 Rd5 30. f3 h5 31. a4 hxg4 32.
hxg4 Ne8 33. a5 b5 34. a6 Nc7 35. Ra5 Kg7 36. Nc6 Rd2+ 37. Ke3 R5d3+ 38. Kf4 Rf2 39. Re3 Rxb2 40. Rxd3 cxd3 41. Nxa7 Nd5+ 42. Kg3 d2 43. Ra1 Nxc3 44. Nxb5 Nxb5 45. Kf4 Rc2 46. Ke3 Rc1 0-1

[Event "Early-Titled-Tuesday-Blitz-September-26-2023"]
[Site "Chess.com"]
[Date "2023.09.26"]
[Round "5"]
[White "Darius321"]
[Black "AleksandraMilovic"]
[Result "1-0"]
[WhiteElo "2350"]
[BlackElo "2043"]
[TimeControl "180+1"]
[EndTime "8:57:11 PDT"]
[Termination "Darius321 won on time"]

1. e4 c5 2. Nf3 e6 3. c3 d5 4.
e5 d4 5. b3 Nc6 6. Bb2 Nge7 7.
Na3 Nf5 8. Bd3 Be7 9. O-O O-O 10. Re1 a6 11. Nc2 dxc3 12. dxc3 b5 13. a4 b4 14. cxb4 cxb4 15. Bxf5 exf5 16. Qe2 Be6 17. Qe3 f4 18. Qe4 Bd5 19. Qxf4 Bxb3 20. Ncd4 Nxd4 21. Nxd4 Bg5 22. Qe4 Bd5 23. Qg4 Bh6 24. Nf5 Qg5 25. Nxh6+ Qxh6 26. Rad1 Be6 27. Qe4 a5 28. f4 g6 29.
h3 Qh4 30. Re3 h5 31. Kh2 Rad8 32. Rd6 Qe7 33. Red3 Bf5 34. Qd4 Bxd3 35. e6 f6 36. Rd7 Rxd7 37. exd7 Rd8 38. Qxd3 1-0

[Event "Early-Titled-Tuesday-Blitz-September-26-2023"]
[Site "Chess.com"]
[Date "2023.09.26"]
[Round "5"]
[White "Aswathchess"]
[Black "mapleaff"]
[Result "1-0"]
[WhiteElo "2589"]
[BlackElo "2333"]
[TimeControl "180+1"]
[EndTime "8:57:15 PDT"]
[Termination "Aswathchess won by resignation"]

1. e4 c5 2. Nc3 Nc6 3. Bb5 Nd4 4. Nf3 Nxb5 5. Nxb5 a6 6. Nc3 e6 7. O-O Ne7 8. d4 cxd4 9. Qxd4 Nc6 10. Qe3 Be7 11. e5 O-O 12. Rd1 Qc7 13. Qe2 b6 14. Bf4 Bb7 15.
Ne4 Nb4 16. c3 Nd5 17. Bg5 Bxg5 18. Nexg5 h6 19. Ne4 f5 20. Nd6 Nf4 21. Qe3 Ng6 22. Re1 b5 23. Rad1 Bd5 24. a3 Qc6 25. Nd4 Qc7 26.
N4xf5 Bxg2 27. Qg3 exf5 28. Qxg6 Bh3 29. Rd3 Bg4 30.
Rg3 Qc6 31. h3 h5 32. hxg4 hxg4 33. Qg5 1-0

[Event "Early-Titled-Tuesday-Blitz-September-26-2023"]
[Site "Chess.com"]
[Date "2023.09.26"]
[Round "5"]
[White "Ariadna_Atreides"]
[Black "JoakimVonAnd"]
[Result "0-1"]
[WhiteElo "2192"]
[BlackElo "2691"]
[TimeControl "180+1"]
[EndTime "8:57:15 PDT"]
[Termination "JoakimVonAnd won on time"]

1. d4 Nf6 2. Nf3 d5 3. e3 c5 4.
Bd3 Nc6 5. b3 cxd4 6. exd4 Bg4 7. Bb2 e6 8. O-O Bd6 9. h3 Bh5 10. Nbd2 O-O 11. a3 Rc8 12. Qe2 Qc7 13. Rac1 Rfe8 14. Rfe1 Qe7 15. b4 a5 16. b5 Nb8 17. a4 Nbd7 18. c4 dxc4 19. Nxc4 Bb4 20. Bc3 Bxc3 21. Rxc3 Nd5 22. Rcc1 N7b6 23. Nce5 Nxa4 24.
Rxc8 Rxc8 25. Qe4 Nf6 26. Qh4 Bg6 27. Bxg6 hxg6 28. Ng5 Rf8 29. Nexf7 Rxf7 30. Rxe6 Qd7 31. Rxf6 gxf6 32. Nxf7 Qxf7 33. d5 Nc5 34. d6 b6 35. Qd4 Qe6 36. g4 Kf7 37. Kg2 Qe4+ 38. Qxe4 Nxe4 39. Kf3 Nxd6 40. Ke3 Nxb5 0-1

[Event "Early-Titled-Tuesday-Blitz-September-26-2023"]
[Site "Chess.com"]
[Date "2023.09.26"]
[Round "5"]
[White "Javylavilla"]
[Black "TatjanaVasilevich"]
[Result "0-1"]
[WhiteElo "2322"]
[BlackElo "2554"]
[TimeControl "180+1"]
[EndTime "8:57:18 PDT"]
[Termination "TatjanaVasilevich won by checkmate"]

1. e4 c5 2. Nf3 e6 3. b3 d5 4.
exd5 exd5 5. d4 cxd4 6. Nxd4 Nc6 7. Bb2 Nf6 8. Bd3 Bd6 9. Nf3 O-O 10. h3 Re8+ 11.
Kf1 Ne4 12. Nbd2 Qc7 13. c4 Bc5 14. cxd5 Nxf2 15. Bxh7+ Kxh7 16. Qc2+ Kg8 17. Qxc5 Nxh1 18. dxc6 Qg3 19. Be5 Qg6 20. Nc4 f6 21. Bf4 bxc6 22.
Qxc6 Be6 23. Nd6 Rf8 24. Re1 Bc8 25. Qd5+ Kh8 26. Nh4 Qc2 27. Qh5+ Kg8 28. Ng6 Qf2# 0-1

[Event "Early-Titled-Tuesday-Blitz-September-26-2023"]
[Site "Chess.com"]
[Date "2023.09.26"]
[Round "5"]
[White "BeautiFullMindChess"]
[Black "stratacticos"]
[Result "1-0"]
[WhiteElo "2346"]
[BlackElo "1781"]
[TimeControl "180+1"]
[EndTime "8:57:18 PDT"]
[Termination "BeautiFullMindChess won on time"]

1. e4 c5 2. Nf3 Nc6 3. d4 cxd4 4. Nxd4 e5 5. Nb5 d6 6. c4 Be6 7. N5c3 Nf6 8. Be2 Be7 9. O-O Nd4 10. Be3 Nxe2+ 11.
Qxe2 Rc8 12. Nd2 a6 13. f3 O-O 14. Rac1 Nd7 15. b3 f5 16. exf5 Bxf5 17. Nde4 Kh8 18. Rfd1 Bxe4 19. Nxe4 Nf6 20. Nxd6 Bxd6 21. c5 e4 22.
Rxd6 Qe7 23. Bd4 Qxd6 24. cxd6 Rxc1+ 25. Kf2 exf3 26. gxf3 Rcc8 27. Qe7 Rce8 28. Qxb7 Ne4+ 29. Kg2 1-0

[Event "Early-Titled-Tuesday-Blitz-September-26-2023"]
[Site "Chess.com"]
[Date "2023.09.26"]
[Round "5"]
[White "MMAHDI2013"]
[Black "FGHSMN"]
[Result "0-1"]
[WhiteElo "2294"]
[BlackElo "2861"]
[TimeControl "180+1"]
[EndTime "8:57:20 PDT"]
[Termination "FGHSMN won on time"]

1. c4 e5 2. Nc3 Nc6 3. Nf3 f5 4.
g3 Nf6 5. d4 e4 6. Nh4 d5 7.
Bg5 Bb4 8. Ng2 h6 9. Bxf6 Qxf6 10. e3 Ne7 11. Nf4 c5 12. a3 cxd4 13. exd4 Bxc3+ 14. bxc3 O-O 15. cxd5 g5 16. Nh5 Qd6 17. c4 b5 18.
cxb5 Qxd5 19. Rc1 Kh8 20. Bc4 Qd6 21. d5 Ng6 22. Qd4+ Ne5 23. Be2 Bd7 24. O-O Kh7 25. Rc2 Rac8 26. Rfc1 Kg6 27. Rxc8 Rxc8 28. Rxc8 Bxc8 29.
Qxa7 Bd7 30. b6 Nf3+ 31. Bxf3 exf3 32. b7 Qxd5 33. h4 Qd1+ 34. Kh2 Qf1 35. Nf4+ gxf4 36.
Qb6+ Kh5 37. Qg6+ Kxg6 0-1

[Event "Early-Titled-Tuesday-Blitz-September-26-2023"]
[Site "Chess.com"]
[Date "2023.09.26"]
[Round "5"]
[White "jcibarra"]
[Black "CSB7"]
[Result "1-0"]
[WhiteElo "2951"]
[BlackElo "2723"]
[TimeControl "180+1"]
[EndTime "8:57:21 PDT"]
[Termination "jcibarra won by resignation"]

1. e4 c5 2. Nf3 Nc6 3. Nc3 e6 4. d4 cxd4 5. Nxd4 Nf6 6. Ndb5 Bc5 7. Bf4 O-O 8. Bc7 Qe7 9. Bd6 Bxd6 10. Qxd6 Qd8 11.
O-O-O a6 12. Nd4 Na5 13. Nb3 b5 14. e5 Ne8 15. Qd2 Nxb3+ 16. axb3 f6 17. f4 fxe5 18. fxe5 Qc7 19. Qd4 Rf5 20. Nd5 Qxe5 21. Ne7+ Kh8 22. Nxf5 Qxf5 23. Bd3 Qg5+ 24. Kb1 Nf6 25. Rhf1 Bb7 26.
g3 Bc6 27. b4 h6 28. Rde1 Kg8 29. Re5 Qg4 30. Rf4 Qd1+ 31. Ka2 a5 32. Bh7+ 1-0

[Event "Early-Titled-Tuesday-Blitz-September-26-2023"]
[Site "Chess.com"]
[Date "2023.09.26"]
[Round "5"]
[White "fastestmindalive"]
[Black "Giorno"]
[Result "1-0"]
[WhiteElo "2716"]
[BlackElo "2497"]
[TimeControl "180+1"]
[EndTime "8:57:21 PDT"]
[Termination "fastestmindalive won on time"]

1. e4 c6 2. Nc3 d5 3. Nf3 Bg4 4. h3 Bxf3 5. Qxf3 e6 6. g3 Nf6 7. Bg2 dxe4 8. Nxe4 Nxe4 9. Qxe4 Nd7 10. O-O Nf6 11. Qe2 Be7 12. a4 a5 13. c3 O-O 14.
d4 Nd5 15. f4 Re8 16. Bd2 Bf6 17.
Rae1 Qb6 18. Bc1 Qb3 19. Qd1 Qxd1 20. Rxd1 Nb6 21. b3 Nd5 22. Rd3 Nxc3 23. Rxc3 Bxd4+ 24. Re3 Red8 25. Kf2 Bxe3+ 26. Kxe3 Ra6 27. Be4 Rb6 28. Bc2 c5 29. Bd2 Ra6 30. Bc3 b6 31. g4 Ra7 32.
h4 Rad7 33. h5 h6 34. g5 hxg5 35. fxg5 Rd5 36. Rg1 Kf8 37. h6 gxh6 38. gxh6 Ke7 39. h7 Rh5 40. Rg8 Rh3+ 41. Kf4 1-0

[Event "Early-Titled-Tuesday-Blitz-September-26-2023"]
[Site "Chess.com"]
[Date "2023.09.26"]
[Round "5"]
[White "bazar-wokzal"]
[Black "BlueWizzard"]
[Result "1-0"]
[WhiteElo "2669"]
[BlackElo "2907"]
[TimeControl "180+1"]
[EndTime "8:57:22 PDT"]
[Termination "bazar-wokzal won on time"]

1. e4 g6 2. Nc3 e5 3. Bc4 Bg7 4.
h4 Nf6 5. h5 c6 6. h6 Bf8 7. d4 d5 8. exd5 Nxd5 9. dxe5 Bb4 10. Ne2 O-O 11. O-O Be6 12. Nxd5 cxd5 13. Bb3 Nc6 14. Bf4 d4 15. Qd3 Qh4 16. Rad1 Bf5 17. Qg3 Qxg3 18. Nxg3 Bg4 19. f3 Be6 20. Ne4 Be7 21.
Rfe1 Bxb3 22. axb3 Rfd8 23. Re2 d3 24. Rxd3 Rxd3 25.
cxd3 Nd4 26. Rd2 a5 27. Be3 Nf5 28. Bf2 Nxh6 29. d4 Rd8 30. d5 Bb4 31. Rd1 Nf5 32.
d6 Kg7 33. g4 Nh6 34. Bh4 Rd7 35. Nf6 1-0

[Event "Early-Titled-Tuesday-Blitz-September-26-2023"]
[Site "Chess.com"]
[Date "2023.09.26"]
[Round "5"]
[White "JosefineHeinemann"]
[Black "spotbet"]
[Result "0-1"]
[WhiteElo "2555"]
[BlackElo "2386"]
[TimeControl "180+1"]
[EndTime "8:57:22 PDT"]
[Termination "spotbet won by resignation"]

1. Nf3 Nf6 2. g3 g6 3. Bg2 Bg7 4. O-O d5 5. d4 O-O 6. c3 Ne4 7. Nbd2 Nxd2 8. Bxd2 Nc6 9. Bf4 Bg4 10. h3 Bxf3 11.
Bxf3 e6 12. a4 Ne7 13. a5 c6 14. a6 b6 15. Qa4 Rc8 16. Qa3 Qd7 17. Qd6 Qxd6 18. Bxd6 Rfe8 19. Ra3 Bf8 20. g4 Rcd8 21. Bc7 Rd7 22. Bh2 Nc8 23. Ra2 Bd6 24. b3 Bxh2+ 25.
Kxh2 Nd6 26. Kg3 f5 27. g5 Ne4+ 28. Bxe4 fxe4 29. f4 exf3 30. Rxf3 Rf8 31. Rxf8+ Kxf8 32. Kf4 Rf7+ 33. Ke5 Ke7 34. e4 Rf3 35. c4 Re3 36. cxd5 cxd5 37. Kf4 Rxe4+ 38. Kg3 Re3+ 39. Kg4 Rxb3 40.
Rc2 Kd6 41. Rc8 Rb4 42. Ra8 Rxd4+ 43. Kg3 Ra4 44. Rxa7 Ke5 45. Ra8 Ra3+ 46. Kg2 Ke4 47. a7 e5 48. h4 d4 49. Kf2 Ra2+ 50. Ke1 Kd3 51. Re8 Ra1+ 52. Kf2 Rxa7 53. Rxe5 Ra2+ 54. Ke1 Rh2 55. Rb5 Rxh4 56. Rb3+ Ke4 57. Rxb6 Rh5 58. Rb7 Kf4 59. Rd7 Kxg5 60. Rxd4 Rh2 61. Kf1 h5 62. Kg1 Ra2 63. Rb4 h4 64. Rb5+ Kh6 65. Rb6 Kh5 66. Rb5+ g5 67. Rb4 h3 68. Kh1 g4 69. Rb3 Kh4 70. Kg1 Ra1+ 71. Kh2 g3+ 72. Rxg3 Ra2+ 0-1

[Event "Early-Titled-Tuesday-Blitz-September-26-2023"]
[Site "Chess.com"]
[Date "2023.09.26"]
[Round "5"]
[White "Mr_ruthless"]
[Black "profedechess93"]
[Result "0-1"]
[WhiteElo "2474"]
[BlackElo "2666"]
[TimeControl "180+1"]
[EndTime "8:57:24 PDT"]
[Termination "profedechess93 won by resignation"]

1. e4 e6 2. d4 d5 3. Nd2 Be7 4. Bd3 c5 5. dxc5 Nf6 6. exd5 Qxd5 7. Ngf3 Nbd7 8. Nb3 Nxc5 9. Nxc5 Bxc5 10. O-O O-O 11. Qe2 h6 12. b3 Qh5 13. Bb2 Nd5 14. Qe4 f5 15. Qe5 Qf7 16. c4 Nb4 17. Bxf5 b6 18. Be4 Bb7 19. Bxb7 Qxb7 20. Qxe6+ Kh7 21. Rad1 Rae8 22. Ng5+ hxg5 23. Qh3+ Kg8 24. Rd7 Qxd7 25.
Qxd7 Re7 26. Qd5+ Nxd5 0-1

[Event "Early-Titled-Tuesday-Blitz-September-26-2023"]
[Site "Chess.com"]
[Date "2023.09.26"]
[Round "5"]
[White "RamonManon0g"]
[Black "gueraumasague"]
[Result "0-1"]
[WhiteElo "2292"]
[BlackElo "2471"]
[TimeControl "180+1"]
[EndTime "8:57:24 PDT"]
[Termination "gueraumasague won by resignation"]

1. e4 g6 2. d4 Bg7 3. Nc3 c6 4. Be3 d5 5. e5 h5 6. Qd2 Nh6 7. Bd3 Nf5 8. Bg5 Qb6 9. Bxf5 Bxf5 10. Nf3 Nd7 11. O-O Nf8 12. Na4 Qc7 13. Nc5 b6 14. Nd3 Ne6 15. Be3 O-O 16. Bh6 Bxd3 17. Bxg7 Bxf1 18.
Bxf8 Bxg2 19. Nh4 Rxf8 20. Kxg2 c5 21. c3 Kg7 22. Rg1 Kh7 23. Kh1 cxd4 24. cxd4 Rc8 25.
Qd3 Qc2 26. Qf3 Qe4 27. Qxe4 dxe4 28. Re1 Nxd4 29. Rxe4 Ne6 30. Re2 Rc4 31. Nf3 g5 32. Kg2 Nf4+ 33. Kf1 Nxe2 34. Kxe2 Kg6 35. e6 Re4+ 36.
Kd3 Rxe6 37. Nd4 Rd6 38. Ke3 e5 39. Nb5 Rd7 40. Ke4 Kf6 41. Nc3 Ke6 42. a4 f5+ 43. Ke3 e4 44. a5 bxa5 45. Nb5 Ke5 46. Na3 f4+ 47. Ke2 Rc7 48. Nb5 Rc2+ 0-1

[Event "Early-Titled-Tuesday-Blitz-September-26-2023"]
[Site "Chess.com"]
[Date "2023.09.26"]
[Round "5"]
[White "lolo9292"]
[Black "Cambek64"]
[Result "1-0"]
[WhiteElo "2205"]
[BlackElo "2450"]
[TimeControl "180+1"]
[EndTime "8:57:28 PDT"]
[Termination "lolo9292 won on time"]

1. d4 Nc6 2. d5 Ne5 3. e4 Ng6 4. Nc3 e5 5. Be2 Bc5 6. Nf3 d6 7. Na4 Bb6 8. Nxb6 axb6 9. Bg5 N8e7 10.
O-O O-O 11. Nd2 Nf4 12. Bxf4 exf4 13. Bg4 Ng6 14. Bxc8 Qxc8 15. f3 Ne5 16. Qe2 g5 17. Nc4 f6 18. Nxe5 fxe5 19. c4 Rf7 20. a4 Rg7 21. b4 h5 22. Rfc1 g4 23. Kh1 Qd7 24. a5 bxa5 25. bxa5 Kh8 26. c5 Rag8 27. c6 bxc6 28.
dxc6 Qe7 29. a6 gxf3 30. gxf3 Qg5 31. a7 Ra8 32. Rg1 Qe7 33. Rxg7 Kxg7 34. Qb5 Qd8 35. Qb7 Kh6 36. Rb1 Qg8 37. Qa6 Qe6 38. Rb8 Rxa7 39. Qxa7 Qc4 40. Rh8+ 1-0